 Dungeon Crawl Stone Soup version 0.28-a0-1567-g1695149f81 (webtiles) character file.

Game seed: 6458302952194275951

840 southernslant the Skirmisher (level 8, -6/50 HPs)
             Began as a Gargoyle Gladiator on Jan 19, 2022.
             Was an Initiate of Makhleb.
             Mangled by an orc warrior (15 damage)
             ... on level 6 of the Dungeon.
             The game lasted 00:14:22 (6873 turns).

southernslant the Skirmisher (Gargoyle Gladiator)   Turns: 6873, Time: 00:14:23

Health: -6/50      AC: 15    Str: 27    XL:     8   Next: 0%
Magic:  9/9        EV: 12    Int: 11    God:    Makhleb [......]
Gold:   28         SH:  0    Dex: 11    Spells: 9/9 levels left

rFire   . . .      SeeInvis .   a - +0 trident
rCold   . . .      Faith    .   (no shield)
rNeg    + . .      Spirit   .   b - +0 leather armour
rPois   ∞          Reflect  .   c - +0 helmet
rElec   +          Harm     .   C - +1 cloak of Zulidani {rC- Str+3 Int+3}
rCorr   .          Rampage  .   J - +2 pair of gloves {Str+3}
Will    .....                   (no boots)
Stlth   +.........              (no amulet)
HPRegen 0.16/turn               G - ring of protection from cold
MPRegen 0.11/turn               (no ring)

@: mighty
A: sickness immunity, AC +5, negative energy resistance 1, electricity
resistance, torment resistance 1, petrification resistance
a: Renounce Religion


You were on level 6 of the Dungeon.
You worshipped Makhleb.
Makhleb was noncommittal.
You visited 2 branches of the dungeon, and saw 7 of its levels.

You collected 243 gold pieces.
You spent 215 gold pieces at shops.

Inventory:

Hand Weapons
 a - a +0 trident (weapon)
 u - a +0 club
 v - a +4 dagger
 L - a +1 dire flail of protection
Missiles
 g - a throwing net
 h - 117 stones
 s - 2 atropa-tipped darts (quivered)
Armour
 b - a +0 leather armour (worn)
 c - a +0 helmet (worn)
 C - the +1 cloak of Zulidani (worn) {rC- Str+3 Int+3}
   (You found it on level 4 of the Dungeon)

   Str:       It affects your strength (+3).
   Int:       It affects your intelligence (+3).
   rC:        It makes you vulnerable to cold.
 J - a +2 pair of gloves of strength (worn)
Magical Staves
 i - a staff of cold
 t - a staff of conjuration
 x - a staff of poison
Jewellery
 G - a ring of protection from cold (left hand)
Wands
 I - a wand of paralysis (3)
 K - a wand of iceblast (5)
Scrolls
 d - a scroll of noise {unknown}
 e - 5 scrolls of identify {unknown}
 f - 2 scrolls of fog {unknown}
 j - 2 scrolls of blinking {unknown}
 o - a scroll of amnesia {unknown}
 p - 4 scrolls of teleportation {unknown}
 y - a scroll of vulnerability {unknown}
 E - 2 scrolls of enchant armour {unknown}
 F - a scroll of magic mapping {unknown}
Potions
 k - 2 potions of degeneration {unknown}
 l - a potion of experience {unknown}
 n - a potion of magic {unknown}
 q - a potion of lignification {unknown}
 r - 2 potions of might
 w - 2 potions of brilliance {unknown}
 z - a potion of curing {unknown}
 A - 2 potions of flight {unknown}
 B - 2 potions of invisibility {unknown}
 D - a potion of resistance {unknown}
 H - 2 potions of heal wounds {unknown}


   Skills:
 * Level 5.5 Fighting
 + Level 3.9 Polearms
 - Level 1.7 Throwing
 + Level 4.4 Armour
 * Level 3.9 Dodging
 + Level 1.5 Stealth
 + Level 1.1 Spellcasting
 + Level 0.3 Conjurations
 * Level 0.7 Invocations
 + Level 1.1 Evocations


You had 9 spell levels left.
You didn't know any spells.
Your spell library contained the following spells:

 Spells                   Type           Power      Damage    Failure   Level
 Magic Dart               Conj           4%         1d3       30%         1
 Slow                     Hex            0%         N/A       34%         1
 Searing Ray              Conj           2%         2d4       41%         2
 Summon Guardian Golem    Hex/Summ       0%         N/A       71%         3
 Fulminant Prism          Conj/Hex       0%         3d6       97%         4
 Orb of Destruction       Conj           0%         9d5       100%        7
 Spellforged Servitor     Conj/Summ      0%         N/A       100%        7
 Statue Form              Tmut/Erth      Unusable   N/A       N/A         6

Dungeon Overview and Level Annotations

Branches:
Dungeon (6/15)             Temple (1/1) D:4

Altars:
Ashenzari
Cheibriados
Dithmenos
Elyvilon
Fedhas
Gozag
Hepliaklqana
Kikubaaqudgha
Makhleb
Nemelex Xobeh
Okawaru
Qazlal
Sif Muna
Trog
Uskayaw
Vehumet
Wu Jian
Yredelemnul
Zin
The Shining One

Shops:
D:1 [

Annotations:
D:6 exclusion: statue


Innate Abilities, Weirdness & Mutations

You are immune to sickness and miasma.
Your stone body is resilient. (AC +5)
You are immune to poison.
You resist negative energy. (rN+)
You are resistant to electric shocks. (rElec)
You are resistant to unholy torment.
You are immune to petrification.


Message History

Makhleb accepts your kill.
The orc priest casts a cantrip, but nothing happens.
You have reached level 8!
You feel stronger.
The orc looks more healthy.
Throw: 3 darts (atropa)
Press: ? - help, Q - select action, (/) - cycle Shift-Dir - straight line, f/p - orc warrior
Aim: an orc warrior, wielding a +0 broad axe and wearing a +0 chain mail (53% to hit, chance to blind on hit: 67%)
You throw an atropa-tipped dart.
The atropa-tipped dart hits the orc warrior.
The orc warrior appears confused.
You hit the orc warrior but do no damage.
The orc warrior seems less confused.
The orc warrior hits you with a +0 broad axe!
You strike the helpless orc warrior from behind!
You hit the orc warrior but do no damage.
The orc warrior closely misses you.
You closely miss the orc warrior.
The orc warrior is no longer blind.
The orc warrior hits you with a +0 broad axe.
You hit the orc warrior but do no damage.
The orc warrior barely misses you.
You hit the orc warrior but do no damage.
The orc warrior hits you with a +0 broad axe.
You puncture the orc warrior!
The orc warrior is heavily wounded.
The orc warrior hits you with a +0 broad axe!
You hit the orc warrior.
The orc warrior is heavily wounded.
The orc warrior hits you with a +0 broad axe!
* * * LOW HITPOINT WARNING * * *
The orc warrior hits you with a +0 broad axe.
* * * LOW HITPOINT WARNING * * *
Throw: 2 darts (atropa)
Press: ? - help, Q - select action, (/) - cycle Shift-Dir - straight line, f/p - orc warrior
Aim: an orc warrior, wielding a +0 broad axe and wearing a +0 chain mail (heavily wounded, 53% to hit, chance to blind on hit: 67%)
Okay, then.
It was a potion of might.
You feel very mighty all of a sudden.
The orc warrior hits you with a +0 broad axe!
You die...

##....# #..### .....#
##.## . #....# #..# ..
#....# #..# ... #...#
###.## .oo. #..#
######....### #....
#.#####...........###
#..o.#()oo@...####...#...#
#.((..o###### ##.######
#......### #.# ..#####.#
### ##. #


You could see an orc warrior, an orc priest and an orc.

Vanquished Creatures
  2 black bears (D:5)
  2 ogres (D:5)
  Blork the orc (D:6)
  A wyvern zombie (D:6)
  A scorpion (D:3)
  A centaur zombie (D:4)
  A bullfrog skeleton (D:6)
  2 orc wizards (D:6)
  An iguana (D:5)
  A hound zombie (D:5)
  A hound skeleton (D:4)
  Robin (D:2)
  2 adders
  A white imp (D:5)
  An ufetubus (D:6)
  4 worms
  A dart slug (D:3)
  13 orcs
  2 ball pythons
  2 bats
  5 endoplasms
  4 giant cockroaches
  7 hobgoblins
  2 jackals (D:1)
  9 kobolds
  2 quokkas
  4 frilled lizards (D:1)
  11 goblins
  4 rats
89 creatures vanquished.

Vanquished Creatures (others)
  6 plants (D:1)
6 creatures vanquished.

Grand Total: 95 creatures vanquished

Notes
Turn   | Place    | Note
-------+----------+-------------------------------------------
     0 | D:1      | southernslant the Gargoyle Gladiator began the quest for
                  | the Orb.
     0 | D:1      | Reached XP level 1. HP: 12/12 MP: 1/1
   221 | D:1      | Reached XP level 2. HP: 18/18 MP: 2/2
   385 | D:1      | Reached skill level 1 in Armour
   841 | D:1      | Reached XP level 3. HP: 22/22 MP: 3/3
  1036 | D:1      | Found Goamy's Armour Emporium.
  1359 | D:2      | Noticed Robin
  1610 | D:2      | Killed Robin
  1611 | D:2      | Reached skill level 3 in Fighting
  2154 | D:2      | Got Viot's Almanac of the Oath and Earth
  2415 | D:2      | Reached XP level 4. HP: 28/28 MP: 4/4
  2668 | D:3      | Found a glowing silver altar of Zin.
  2669 | D:3      | Found a broken altar of Ashenzari.
  2671 | D:3      | Found a shimmering blue altar of Sif Muna.
  2671 | D:3      | Found a blossoming altar of Fedhas.
  2673 | D:3      | Found a hazy altar of Hepliaklqana.
  2673 | D:3      | Found an opulent altar of Gozag.
  2674 | D:3      | Found a basalt altar of Yredelemnul.
  2871 | D:3      | Noticed a scorpion
  2893 | D:3      | HP: 1/28 [scorpion (4)]
  2897 | D:3      | Killed a scorpion
  2898 | D:3      | Reached XP level 5. HP: 2/33 MP: 5/5
  3255 | D:3      | Found a faded altar of an unknown god.
  3679 | D:3      | Found a snail-covered altar of Cheibriados.
  3914 | D:4      | Found an iron altar of Okawaru.
  3943 | D:4      | Found a staircase to the Ecumenical Temple.
  3977 | D:4      | Reached skill level 4 in Fighting
  4304 | D:4      | Identified the +1 cloak of Zulidani {rC- Str+3 Int+3}
  4895 | D:5      | Entered Level 5 of the Dungeon
  4958 | D:5      | Noticed a black bear
  4962 | D:5      | Noticed a black bear
  4975 | D:5      | Killed a black bear
  4976 | D:5      | Reached XP level 6. HP: 21/39 MP: 6/6
  5011 | D:5      | Killed a black bear
  5325 | D:5      | Reached XP level 7. HP: 44/44 MP: 7/7
  5332 | D:5      | Reached skill level 5 in Fighting
  5504 | D:5      | Reached skill level 1 in Stealth
  5986 | D:1      | Bought a +2 pair of gloves of strength for 215 gold pieces
  6054 | Temple   | Entered the Ecumenical Temple
  6069 | Temple   | Became a worshipper of Makhleb the Destroyer
  6304 | D:6      | Reached skill level 1 in Evocations
  6525 | D:6      | Noticed Blork the orc
  6537 | D:6      | Killed Blork the orc
  6538 | D:6      | Reached skill level 1 in Spellcasting
  6801 | D:6      | Found a radiant altar of Vehumet.
  6864 | D:6      | Reached XP level 8. HP: 50/50 MP: 9/9
  6873 | D:6      | Mangled by an orc warrior

Illustrated notes

Levels and vault maps discovered:
D:1:      wander_arrival_estate, layout_loops_ring, serial_forest,
          infiniplex_forest_clump_C, infiniplex_forest_clump_curved,
          infiniplex_forest_end_2, infiniplex_forest_corner_1,
          infiniplex_forest_lined_1, serial_shops, nicolae_shop_hallway_stairs
D:2:      layout_basic, uniq_robin
D:3:      layout_rooms, grunt_temple_overflow_open, cheibrodos_worm_habitat,
          chequers_ecumenical_altar_grove, serial_bayou_pond_a
D:4:      layout_basic, okawaru_trees_2, minmay_temple_entry_glass
D:5:      layout_loops_ring, minmay_circle_x
D:6:      layout_layer_cave, vehumet_statue, uniq_maggie, uniq_blork_the_orc
Temple:   zaba_magenta_temple

Skill      XL: |  1  2  3  4  5  6  7 |
---------------+----------------------+-----
Armour         | 1 2 3 4 |  4.4
Fighting       | 3 4 5 |  5.5
Polearms       | 3 |  3.9
Dodging        | 3 |  3.9
Stealth        | 1 |  1.5
Evocations     | 1 |  1.1
Spellcasting   | 1 |  1.1
Throwing       | |  1.7
Conjurations   | |  0.3
Invocations    | |  0.7

Action                   |  1- 3 |  4- 6 |  7- 9 || total
-------------------------+-------+-------+-------++-------
Melee: Trident           |   132 |   144 |    91 ||   367
       Punch             |       |       |     1 ||     1
Throw: Dart              |     2 |    10 |    11 ||    23
       Throwing net      |       |     4 |       ||     4
       Boomerang         |       |     6 |       ||     6
       Stone             |       |       |     1 ||     1
  Use: Potion            |       |       |     1 ||     1
 Stab: Sleeping          |       |     1 |       ||     1
       Invisible         |       |       |     4 ||     4
Armor: Leather armour    |    47 |    55 |    35 ||   137
Dodge: Dodged            |    62 |    69 |    52 ||   183

Table legend: (Time is in decaauts)
 A = Elapsed time spent in this place.
 B = Non-inter-level travel time spent in this place.
 C = Inter-level travel time spent in this place.
 D = Time resting spent in this place.
 E = Time spent auto-exploring this place.
 F = Levels seen in this place.
 G = Mean time per level.
                   A        B        C        D        E       F      G
               +--------+--------+--------+--------+--------+-----+--------+
         Total |   6939 |   6671 |    268 |      0 |   5663 |   7 |  991.3 |
       Dungeon |   6848 |   6580 |    268 |      0 |   5610 |   6 | 1141.3 |
        Temple |     90 |     90 |      0 |      0 |     53 |   1 |   90.0 |
               +--------+--------+--------+--------+--------+-----+--------+

Top non-repeatable levels by time:
     D:1: 1596 daAuts
     D:3: 1216 daAuts
     D:4: 1147 daAuts
     D:2: 1146 daAuts
     D:5: 1026 daAuts
     D:6: 714 daAuts
  Temple: 90 daAuts
